 Dungeon Crawl Stone Soup version 0.28-a0-819-g6ef7baa362 (webtiles) character file.

Game seed: 12510995694165470860

6906 ytrimaz the Basher (level 10, -1/88 HPs)
             Began as a Demonspawn Berserker on Nov 8, 2021.
             Was a High Priest of Trog.
             Slain by an eight-headed hydra (6 damage)
             ... on level 7 of the Dungeon.
             The game lasted 00:12:36 (9003 turns).

ytrimaz the Basher (Demonspawn Berserker)           Turns: 9003, Time: 00:12:37

Health: -1/88      AC: 21    Str: 20    XL:     10   Next: 79%
Magic:  10/10      EV:  8    Int:  9    God:    Trog [*****.]
Gold:   254        SH:  0    Dex: 16    Spells: 9/9 levels left

rFire   . . .      SeeInvis .   o - +10 bardiche of Luxury {protect, Dex+3}
rCold   . . .      Faith    .   (shield currently unavailable)
rNeg    . . .      Spirit   .   E - +0 plate armour
rPois   +          Reflect  .   D - +0 helmet
rElec   .          Harm     .   g - +0 cloak
rCorr   .          Rampage  .   (no gloves)
Will    .....                   (boots unavailable)
Stlth   ..........              (no amulet)
HPRegen 0.24/turn               l - ring of poison resistance
MPRegen 0.12/turn               w - ring of flight

@: about to teleport, weak-willed, sanguine armoured, on berserk cooldown,
flying, slowed, very slow
A: hooves 3, robust 1, spiny 1, sanguine armour 1
a: Renounce Religion, Berserk, Trog's Hand, Brothers in Arms


You were on level 7 of the Dungeon.
You worshipped Trog.
Trog was extremely pleased with you.
You visited 2 branches of the dungeon, and saw 8 of its levels.
You also visited: Sewer.

You collected 254 gold pieces.

Inventory:

Hand Weapons
 a - a +0 hand axe
 c - a +1 mace of draining
 o - the +10 bardiche of Luxury (weapon) {protect, Dex+3}
   (You found it on level 7 of the Dungeon)

   It grants its wielder temporary protection when it strikes (+7 to AC).
   Dex:       It affects your dexterity (+3).
Armour
 g - a +0 cloak (worn)
 n - a +0 buckler
 D - a +0 helmet (worn)
 E - a +0 plate armour (worn)
Jewellery
 l - a ring of poison resistance (left hand)
 w - a ring of flight (right hand)
 C - a +6 ring of intelligence
 F - a +4 ring of protection
Wands
 y - a wand of polymorph (6)
 H - a wand of digging (4)
Scrolls
 b - 2 scrolls of teleportation
 e - 3 scrolls of fog
 i - 2 scrolls of enchant weapon
 r - a scroll of vulnerability
 v - 2 scrolls of enchant armour {unknown}
 x - 2 scrolls of noise {unknown}
 A - a scroll of blinking {unknown}
 B - 2 scrolls of identify
Potions
 d - 3 potions of heal wounds {unknown}
 f - 3 potions of degeneration {unknown}
 h - a potion of berserk rage {unknown}
 j - 2 potions of flight {unknown}
 k - 5 potions of might {unknown}
 m - 3 potions of invisibility {unknown}
 p - 2 potions of experience {unknown}
 q - 2 potions of cancellation {unknown}
 s - 3 potions of magic {unknown}
 t - a potion of haste {unknown}
 u - a potion of ambrosia {unknown}
 z - a potion of mutation {unknown}
 G - a potion of curing {unknown}


   Skills:
 * Level 7.8 Fighting
 - Level 2.9(6.7) Axes
 - Level 8.2(8.4) Maces & Flails
 * Level 4.6(5.1) Polearms
 * Level 7.1 Armour
 * Level 5.8 Dodging
 - Level 4.0 Shields


You had 9 spell levels left.
You didn't know any spells.
Your spell library was empty.

Dungeon Overview and Level Annotations

Branches:
Dungeon (7/15)             Temple (1/1) D:6           Sewer (visited)

Altars:
Ashenzari
Cheibriados
Dithmenos
Elyvilon
Fedhas
Gozag
Hepliaklqana
Kikubaaqudgha
Makhleb
Nemelex Xobeh
Okawaru
Qazlal
Ru
Sif Muna
Trog
Uskayaw
Vehumet
Wu Jian
Xom
Yredelemnul
Zin
Beogh

Shops:
D:5 *   D:7 *


Innate Abilities, Weirdness & Mutations

You have hooves in place of feet.
You are robust. (+10% HP)
You are partially covered in sharp spines.
When seriously injured, your bleeding wounds create armour. (AC +6)


Message History

The eight-headed hydra bites you!
The eight-headed hydra bites you but does no damage.
The eight-headed hydra barely misses you.
The eight-headed hydra bites you.
Your blood congeals into armour.
The eight-headed hydra is struck by your spines.
The eight-headed hydra bites you but does no damage.
The eight-headed hydra bites you!
The eight-headed hydra barely misses you.
The eight-headed hydra bites you.
The eight-headed hydra bites you but does no damage. x3
The eight-headed hydra bites you.
The eight-headed hydra bites you but does no damage. x3
The eight-headed hydra completely misses you.
The eight-headed hydra barely misses you.
The eight-headed hydra bites you. x2; The eight-headed hydra bites you!
* * * LOW HITPOINT WARNING * * *
Unknown command.
Okay, then.
As you read the scroll labelled VOUMAK FESHROU, it crumbles to dust.
Magic quickly surges around you.
It was a scroll of vulnerability.
The eight-headed hydra is struck by your spines.
The eight-headed hydra bites you!
* * * LOW HITPOINT WARNING * * *
The eight-headed hydra bites you but does no damage.
The eight-headed hydra barely misses you.
The eight-headed hydra bites you but does no damage. x3
The eight-headed hydra closely misses you.
The eight-headed hydra barely misses you.
As you read the scroll labelled AFA XOELEAC, it crumbles to dust.
You feel strangely unstable.
It was a scroll of teleportation.
The eight-headed hydra is struck by your spines.
The eight-headed hydra bites you.
* * * LOW HITPOINT WARNING * * *
The eight-headed hydra bites you but does no damage.
The eight-headed hydra closely misses you.
The eight-headed hydra bites you.
* * * LOW HITPOINT WARNING * * *
The eight-headed hydra bites you but does no damage.
The eight-headed hydra bites you.
You die...

.[♣ ♣♣...♣ #..# ###
♣.♣### ####### #..#
♣♣♣♣♣.♣♣♣♣♣ #.....#
#... ..........♣
#.♣♣♣.#### #####.##
♣♣♣♣♣♣♣♣♣.♣
#.....#..# #.......
♣.......♣.♣
#.##)###.####.####^#
♣.♣####.♣.♣ #.#..#
#...##.#.....
♣)♣#.|#.♣.♣ #.#..#
###.##.#.....
♣)♣#..#.♣.♣♣♣#.#@##
#.##.#.....
♣.♣#''#.♣.♣....#D#
#.##.^..._.
♣.♣#.)..♣)♣.♣###O#
#.##.#.....
♣.♣#####♣.♣.♣ W5#
#.#..#.....
♣.♣♣♣♣♣♣♣.♣.♣ ..#
#....#...).
♣..)......♣.♣ #+##
#.#..####.#
♣♣♣♣♣♣♣♣♣♣♣.♣
#.#..).....
............♣
##.##.#..)##
♣♣♣♣♣.♣♣♣♣♣♣♣
###..##.#...))


You could see an eight-headed hydra (weak-willed), a wraith (weak-willed), an
ogre (weak-willed) and a shadow imp (weak-willed).

Vanquished Creatures
  A two-headed ogre (D:7)
  Pikel (D:5)
  A deep elf pyromancer (D:7)
  An ugly thing (D:7)
  2 meliai (D:7)
  A slime creature (D:7)
  A wraith (D:7)
  A vampire mosquito (D:7)
  The ghost of Uzeprotekshun the Conjurer, an amateur OpCj (D:4)
  An acid dragon (D:7)
  3 water moccasins
  2 ice beasts (D:7)
  3 orc warriors (D:7)
  4 sky beasts
  A black bear (D:6)
  3 necrophages
  4 ogres
  2 centaurs (D:7)
  5 kobold brigands
  3 bullfrogs
  2 wyvern zombies
  2 scorpions
  A water moccasin skeleton (D:7)
  4 wights (D:6)
  2 centaur zombies (D:7)
  5 orc priests
  2 bullfrog skeletons
  A hound (D:6)
  2 jellies (D:7)
  A gnoll shaman (D:7)
  An iguana (D:6)
  9 orc wizards
  A hound zombie (D:5)
  4 gnolls (D:7)
  9 adders
  6 river rats
  A shadow imp (D:6)
  2 white imps (D:7)
  2 ufetubi
  3 worms
  2 dart slugs (D:1)
  32 orcs
  5 endoplasms
  2 giant cockroaches (D:1)
  11 goblins
  4 hobgoblins
  2 jackals (D:3)
  2 quokkas
  12 ball pythons
  3 bats
  7 frilled lizards
  28 kobolds
  29 rats
240 creatures vanquished.

Vanquished Creatures (others)
  2 orc wizards
2 creatures vanquished.

Grand Total: 242 creatures vanquished

Notes
Turn   | Place    | Note
-------+----------+-------------------------------------------
     0 | D:1      | ytrimaz the Demonspawn Berserker began the quest for the
                  | Orb.
     0 | D:1      | Reached XP level 1. HP: 18/18 MP: 1/1
     1 | D:1      | Noticed a minotaur zombie
    10 | D:1      | Noticed a merfolk zombie
   436 | D:1      | Gained mutation: You are partially covered in sharp spines.
                  | [demonic ancestry]
   436 | D:1      | Reached XP level 2. HP: 24/24 MP: 2/2
   879 | D:2      | Noticed a scorpion
   882 | D:2      | Killed a scorpion
   883 | D:2      | Reached skill level 1 in Maces & Flails
   883 | D:2      | Gained mutation: You have large cloven feet. [demonic
                  | ancestry]
   883 | D:2      | Reached XP level 3. HP: 14/30 MP: 3/3
   883 | D:2      | Reached XP level 4. HP: 17/37 MP: 4/4
  1555 | D:2      | Reached ** piety under Trog
  1991 | D:3      | Noticed a bullfrog
  1995 | D:3      | Killed a bullfrog
  1996 | D:3      | Gained mutation: When seriously injured, your bleeding
                  | wounds create armour. (AC +6) [demonic ancestry]
  1996 | D:3      | Reached XP level 5. HP: 39/43 MP: 5/5
  2074 | D:3      | Found a faded altar of an unknown god.
  2767 | D:4      | Noticed a necrophage
  2774 | D:4      | Noticed an ogre
  2776 | D:4      | Killed a necrophage
  2777 | D:4      | Reached skill level 2 in Maces & Flails
  2777 | D:4      | Gained mutation: You have hoof-like feet. [demonic
                  | ancestry]
  2777 | D:4      | Reached XP level 6. HP: 32/49 MP: 6/6
  2965 | D:4      | Reached skill level 3 in Maces & Flails
  2966 | D:4      | Reached skill level 5 in Fighting
  3317 | D:4      | Reached XP level 7. HP: 56/56 MP: 7/7
  3337 | D:4      | Reached *** piety under Trog
  3608 | D:4      | Found a runed translucent gate.
  3609 | D:4      | Found a runed translucent gate.
  3609 | D:4      | Found a runed translucent gate.
  3930 | D:4      | Noticed Uzeprotekshun's ghost (amateur OpCj)
  3933 | D:4      | Identified the +10 whip "Rearatyl" {pain, rF++ MP+9 Dex-5}
  4139 | D:4      | Killed Uzeprotekshun's ghost
  4140 | D:4      | Reached skill level 4 in Maces & Flails
  4237 | D:5      | Entered Level 5 of the Dungeon
  4515 | D:5      | Found a glowing drain.
  4545 | Sewer    | Entered a sewer
  4791 | Sewer    | Reached skill level 5 in Maces & Flails
  4791 | Sewer    | Gained mutation: You have hooves in place of feet. [demonic
                  | ancestry]
  4791 | Sewer    | Reached XP level 8. HP: 63/63 MP: 8/8
  4795 | Sewer    | Reached **** piety under Trog
  4851 | Sewer    | Reached skill level 1 in Shields
  5447 | D:5      | Noticed Pikel
  5459 | D:5      | Killed Pikel
  5460 | D:5      | Reached skill level 6 in Maces & Flails
  5727 | D:5      | Found Fut Qiar's Serpentskin Sales.
  5752 | D:5      | Found a shimmering blue altar of Sif Muna.
  5991 | D:5      | Gained mutation: You are robust. (+10% HP) [demonic
                  | ancestry]
  5991 | D:5      | Reached XP level 9. HP: 64/75 MP: 9/9
  6540 | D:6      | Noticed a +0 falchion
  6540 | D:6      | Noticed a +0 spear
  6540 | D:6      | Noticed a +0 spear
  6541 | D:6      | Noticed a +0 dagger
  6541 | D:6      | Noticed a +0 falchion
  6541 | D:6      | Noticed a +0 short sword
  6542 | D:6      | Noticed a +0 dagger
  6542 | D:6      | Noticed a +0 short sword
  6544 | D:6      | Found a hide-covered altar of Uskayaw.
  6648 | D:6      | Reached skill level 5 in Armour
  6706 | D:6      | Reached skill level 7 in Maces & Flails
  6962 | D:6      | Found a staircase to the Ecumenical Temple.
  7282 | D:6      | Found a bloodstained altar of Trog.
  7410 | Temple   | Entered the Ecumenical Temple
  7723 | D:7      | Reached skill level 5 in Dodging
  7924 | D:7      | Reached skill level 8 in Maces & Flails
  7995 | D:7      | Noticed a meliai
  7997 | D:7      | Killed a meliai
  8006 | D:7      | Identified the +10 bardiche of Luxury {protect, Dex+3}
  8227 | D:7      | Reached ***** piety under Trog
  8228 | D:7      | Reached XP level 10. HP: 84/86 MP: 10/10
  8228 | D:7      | Noticed a red ugly thing
  8237 | D:7      | Killed a red ugly thing
  8240 | D:7      | Reached skill level 1 in Polearms
  8576 | D:7      | Noticed a deep elf pyromancer
  8582 | D:7      | Killed a deep elf pyromancer
  8586 | D:7      | Found a shimmering altar of Xom.
  8599 | D:7      | Received a gift from Trog
  8827 | D:7      | Found an opulent altar of Gozag.
  8830 | D:7      | Found Gozag's Platinum Reserve.
  8868 | D:7      | Found a radiant altar of Vehumet.
  8987 | D:7      | Noticed a two-headed ogre
  8992 | D:7      | Killed a two-headed ogre
  8999 | D:7      | Noticed a seven-headed hydra
  9003 | D:7      | Slain by an eight-headed hydra

Illustrated notes

Levels and vault maps discovered:
D:1:      shiori_arrival_whats_in_store_for_you, layout_rooms,
          minmay_fountain_box, st_stairs_10, minivault_14
D:2:      layout_basic, wad_woods_river_04
D:3:      layout_basic, mainiacjoe_overflow_brackets,
          ebering_ecumenical_altar_hall
D:4:      corexii_shack_village, layout_loops_ring, biasface_ghost_orc_armoury,
          minmay_a_box_with_orc_wizards_in_it
D:5:      layout_basic, nicolae_sif_muna_condensation,
          lightli_sewer_entry_pipes, guppyfry_shop_venom, uniq_pikel
D:6:      layout_layer_cave, lightli_temple_of_fire, nicolae_uskayaw_en_pointe,
          minmay_temple_entry_slanted, minmay_misc_feat_rugged,
          minmay_misc_feat_nine_boxes, hangedman_decor_riveting,
          grunt_decor_junction, minivault_25
D:7:      nzn_winding_woodlands_large [nzn_winding_woodlands_5x5_default,
          nzn_winding_woodlands_5x15_jagged, nzn_winding_woodlands_hourglass,
          nzn_winding_woodlands_center_lodge,
          nzn_winding_woodlands_15x15_boxy_spiral,
          nzn_winding_woodlands_center_pierced_h,
          nzn_winding_woodlands_5x5_cross, nzn_winding_woodlands_5x15_pool,
          nzn_winding_woodlands_5x5_checkerboard], layout_rooms,
          vehumet_crystals, lemuel_tele_altar, nicolae_gozag_zags_fifth_avenue
Temple:   nicolae_temple_great_sept

Skill      XL: |  1  2  3  4  5  6  7  8  9 10 |
---------------+-------------------------------+-----
Armour         | 2 3 4 6 7 |  7.1
Dodging        | 2 3 4 5 |  5.8
Fighting       | 4 5 6 7 |  7.8
Maces & Flails | 1 2 3 5 6 8 |  8.2
Shields        | 2 3 4 |  4.0
Polearms       | 4 |  4.6
Axes           | |  2.9

Action                   |  1- 3 |  4- 6 |  7- 9 | 10-12 || total
-------------------------+-------+-------+-------+-------++-------
Melee: Hand axe          |    13 |       |       |       ||    13
       Mace              |    18 |    68 |   273 |       ||   359
       Kick              |       |    14 |    65 |    18 ||    97
       Bardiche          |       |       |     1 |    62 ||    63
Invok: Berserk           |       |     2 |     4 |     2 ||     8
       Trog's Hand       |       |     1 |     1 |     1 ||     3
  Use: Scroll            |       |     3 |     1 |     2 ||     6
 Stab: Sleeping          |     1 |     1 |       |       ||     2
Armor: Animal skin       |     2 |    12 |       |       ||    14
       Chain mail        |       |       |   108 |       ||   108
       Plate armour      |       |       |    31 |    77 ||   108
Dodge: Dodged            |    16 |    43 |   124 |    43 ||   226

Table legend: (Time is in decaauts)
 A = Elapsed time spent in this place.
 B = Non-inter-level travel time spent in this place.
 C = Inter-level travel time spent in this place.
 D = Time resting spent in this place.
 E = Time spent auto-exploring this place.
 F = Levels seen in this place.
 G = Mean time per level.
                   A        B        C        D        E       F      G
               +--------+--------+--------+--------+--------+-----+--------+
         Total |   9254 |   9005 |    249 |    298 |   7254 |   9 | 1028.2 |
       Dungeon |   8404 |   8167 |    237 |    298 |   6659 |   7 | 1200.6 |
        Temple |    111 |     99 |     12 |      0 |     63 |   1 |  111.0 |
         Sewer |    739 |    739 |      0 |      0 |    531 |   1 |  739.0 |
               +--------+--------+--------+--------+--------+-----+--------+

Top non-repeatable levels by time:
     D:7: 1523 daAuts
     D:4: 1522 daAuts
     D:6: 1342 daAuts
     D:5: 1228 daAuts
     D:2: 1134 daAuts
     D:1: 857 daAuts
     D:3: 795 daAuts
   Sewer: 739 daAuts
  Temple: 111 daAuts
